 Dungeon Crawl Stone Soup version 0.21-a0-94-gdd6ab6a (webtiles) character file.

132 4thArraOfDagon the Insei (level 4, -2/30 HPs)
             Began as a Demonspawn Enchanter on July 2, 2017.
             Was an Initiate of Wu Jian.
             Slain by a bullfrog (5 damage)
             ... on level 6 of the Dungeon.
             The game lasted 00:04:56 (1368 turns).

4thArraOfDagon the Insei (Demonspawn Enchanter)     Turns: 1368, Time: 00:04:57

Health: -2/30      AC:  3    Str:  7 (8)  XL:     4   Next: 92%
Magic:  6/7        EV: 12    Int: 15 (17) God:    Wu Jian [......]
Gold:   64         SH:  3    Dex: 12 (14) Spells: 4/7 levels left

rFire    . . .     SeeInvis .     - Unarmed
rCold    . . .     Gourm    .   (no shield)
rNeg     . . .     Faith    .   b - +0 robe
rPois    .         Spirit   .   (no helmet)
rElec    .         Reflect  +   (no cloak)
rCorr    .         Harm     .   (no gloves)
MR       .....                  e - +0 pair of boots
Stlth    ++........             l - +3 amulet of reflection
HPRegen  0.10/turn              (no ring)
MPRegen  0.10/turn              (no ring)

@: hasted, very quick
A: rot immunity
a: Renounce Religion


You were on level 6 of the Dungeon.
You worshipped Wu Jian.
Wu Jian was noncommittal.
You were not hungry.

You visited 2 branches of the dungeon, and saw 8 of its levels.

You collected 64 gold pieces.

Inventory:

Hand Weapons
 a - a +2 dagger
Armour
 b - a +0 robe (worn)
 e - a +0 pair of boots (worn)
Jewellery
 l - a +3 amulet of reflection (around neck)
Wands
 g - a wand of acid (0/15)
Scrolls
 j - a scroll of blinking
Books
 c - a book of Maledictions

   Spells                             Type                      Level
   a - Corona                         Hexes                        1
   b - Ensorcelled Hibernation        Hexes/Ice                    2
   c - Confuse                        Hexes                        3
   d - Tukima's Dance                 Hexes                        3
   e - Dazzling Spray                 Conjuration/Hexes            3
Comestibles
 d - a bread ration


   Skills:
 - Level 0.8 Short Blades
 - Level 2.2 Dodging
 - Level 2.6 Stealth
 * Level 3.9 Unarmed Combat
 - Level 2.0 Spellcasting
 - Level 3.0 Hexes


You had 4 spell levels left.
You knew the following spells:

 Your Spells              Type           Power        Failure   Level  Hunger
a - Corona                Hex            ##.....      6%          1    #......
b - Ensorcelled Hibernat  Hex/Ice        #.....       19%         2    ###....


Dungeon Overview and Level Annotations

Branches:
Dungeon (7/15)             Temple (1/1) D:6

Altars:
Ashenzari
Gozag
Nemelex Xobeh
Vehumet
Wu Jian

Annotations:
D:4 2 transporters
D:7 Menkaure, Pikel


Innate Abilities, Weirdness & Mutations

You are immune to rotting.


Message History

The bullfrog misses you.
Throwing (i - inventory):
h - a javelin (quivered)
Press: ? - help, Shift-Dir - straight line, f/p - bullfrog
Aim: a bullfrog (severely wounded)
You throw a javelin.
The javelin closely misses the bullfrog.
The bullfrog completely misses you.
The bullfrog swells and bulges.
The bullfrog hits you.
* * * LOW HITPOINT WARNING * * *
Unknown command.
It was a potion of degeneration.
There was something very wrong with that liquid.
You feel weakened.
You feel dopey.
You feel clumsy. The bullfrog hits you.
* * * LOW HITPOINT WARNING * * *
Unknown command.
Okay, then.
The bullfrog hits you.
You die...

#..###########
#...........#
#####..........#
#.((#..........# #
#...#....###..# #
#...####..(...## #
#.!.?#...###...###
#....F.### ###...# #
#...@..# ##..## #
####.#....#####...###
#..####.....#.#....
#.## ###...#..## ..
#####..#>.## ##.
............ ##
####........
#........ #........


You could see a bullfrog.

Vanquished Creatures
  A hound (D:6)
  An orc wizard (D:4)
  2 worker ants
  2 adders
  A leopard gecko (D:4)
  3 orcs (D:4)
  A giant cockroach (D:2)
  A quokka (D:4)
  A ball python skeleton (D:4)
  A frilled lizard (D:2)
14 creatures vanquished.

Notes
Turn   | Place    | Note
-------+----------+-------------------------------------------
     0 | D:1      | 4thArraOfDagon the Demonspawn Enchanter began the quest for the Orb.
     0 | D:1      | Reached XP level 1. HP: 13/13 MP: 3/3
   147 | D:4      | Noticed an orc priest
   161 | D:4      | Reached skill level 1 in Unarmed Combat
   161 | D:4      | Gained mutation: You are immune to rotting. [demonic ancestry]
   161 | D:4      | Reached XP level 2. HP: 7/19 MP: 3/5
   399 | D:4      | Learned a level 2 spell: Ensorcelled Hibernation
   475 | D:4      | Found a transporter.
   500 | D:4      | Found a transporter.
   513 | D:4      | Reached XP level 3. HP: 16/24 MP: 4/6
   648 | D:4      | Reached XP level 4. HP: 14/30 MP: 7/7
   883 | D:4      | Found a sparkling altar of Nemelex Xobeh.
   887 | D:5      | Entered Level 5 of the Dungeon
   943 | D:5      | Noticed a gnoll sergeant
   952 | D:6      | Found a staircase to the Ecumenical Temple.
   964 | Temple   | Entered the Ecumenical Temple
   989 | Temple   | Became a worshipper of the Wu Jian Council
  1305 | D:7      | Noticed Menkaure
  1315 | D:7      | Noticed Pikel
  1315 | D:7      | Noticed a slave
  1351 | D:6      | Noticed a bullfrog
  1368 | D:6      | Slain by a bullfrog

Vault maps used:
D:1:      dpeg_arrival_simpleton_b
D:2:      lightli_temple_of_fire, uniq_robin
D:3:      first_bread
D:4:      gammafunk_wand_slinger, dancing_weapons_uskayaw, nemelex_altar_shiori,
          kennysheep_slug_shrine, minmay_ruptured, uniq_duvessa
D:5:      grunt_qazlal_clouds, kennysheep_mini_moat, minmay_misc_feat_doors,
          minmay_lizard_king, uniq_edmund
D:6:      nicolae_ru_sacrificial_ziggurat, minmay_temple_entry_grid,
          serial_shops, nicolae_shop_overgrown_old_shop
D:7:      good_gods_mini_temple, old_standard_altar, uniq_menkaure, uniq_pikel
Temple:   cyrus_temple_forest

Skill      XL: |  1  2  3 |
---------------+----------+-----
Dodging        | 2 |  2.2
Unarmed Combat | 1 2 3 |  3.9
Short Blades   | |  0.8
Stealth        | |  2.6
Spellcasting   | |  2.0
Hexes          | |  3.0

Action                   |  1- 3 |  4- 6 || total
-------------------------+-------+-------++-------
Melee: Dagger            |    49 |     8 ||    57
       Unarmed           |       |    23 ||    23
       Punch             |       |     1 ||     1
Throw: Javelin           |       |     5 ||     5
 Cast: Corona            |     4 |     5 ||     9
Evoke: Wand              |     2 |     5 ||     7
  Use: Scroll            |     3 |     2 ||     5
       Potion            |       |     2 ||     2
  Eat: Meat ration       |       |     1 ||     1
Armor: Robe              |    10 |    11 ||    21
Dodge: Dodged            |    26 |    25 ||    51
Block: Other             |       |     8 ||     8
